 Dungeon Sprint DCSS version 0.26-a0-1026-g544776af23 (webtiles) character file.

Game seed: 18092458595196388096

33 sahdkjhfkaj the Insei (level 5, -4/43 HPs)
             Began as a Gnoll Transmuter on Dec 9, 2020.
             Was an Initiate of Gozag.
             Slain by a bullfrog (6 damage)
             ... in the Dungeon (Sprint VI: "Thunderdome").
             The game lasted 00:01:14 (468 turns).

sahdkjhfkaj the Insei (Gnoll Transmuter)             Turns: 468, Time: 00:01:14

Health: -4/43      AC:  2    Str: 13    XL:     5   Next: 46%
Magic:  7/13       EV: 16    Int: 16    God:    Gozag
Gold:   312        SH:  0    Dex: 15    Spells: 10/16 levels left

rFire    . . .     SeeInvis .     - Unarmed
rCold    . . .     Faith    .   (shield currently unavailable)
rNeg     . . .     Spirit   .   a - +0 robe
rPois    .         Reflect  .   (no helmet)
rElec    .         Harm     .   (no cloak)
rCorr    .         Rampage  .   (gloves currently unavailable)
Will     .....     NoTele   +   (no boots)
Stlth    ++........             (no amulet)
HPRegen  0.14/turn              (no ring)
MPRegen  0.13/turn              (no ring)

@: blade hands
A: distributed training, fangs 1, strong nose
a: End Transformation, Potion Petition, Call Merchant, Bribe Branch, Renounce
Religion


You were in the Dungeon.
You worshipped Gozag.
Gozag was aware of your devotion.
You had blades for hands.
You visited 1 branch You collected 808 gold pieces.
You paid 496 gold pieces to Gozag.

Inventory:

Armour
 a - a +0 robe (worn)
Wands
 b - a wand of acid (5)
 i - a wand of iceblast (4)
Scrolls
 h - 4 scrolls of blinking
 j - 3 scrolls of fog
Potions
 c - a potion of curing
 d - 4 potions of heal wounds
 e - 4 potions of haste
 f - 2 potions of magic
 g - a potion of berserk rage
 k - a potion of resistance


   Skills:
 + Level 4.4 Fighting
 + Level 3.5 Short Blades
 + Level 3.5 Long Blades
 + Level 3.5 Axes
 + Level 3.5 Maces & Flails
 + Level 3.5 Polearms
 + Level 3.5 Staves
 + Level 3.5 Slings
 + Level 3.5 Bows
 + Level 3.5 Crossbows
 + Level 3.5 Throwing
 + Level 3.5 Armour
 + Level 5.9 Dodging
 + Level 3.5 Stealth
 + Level 3.5 Shields
 + Level 7.5 Unarmed Combat
 + Level 6.2 Spellcasting
 + Level 2.9 Conjurations
 + Level 2.9 Hexes
 + Level 2.9 Summonings
 + Level 2.9 Necromancy
 + Level 2.9 Translocations
 + Level 4.8 Transmutations
 + Level 2.9 Fire Magic
 + Level 2.9 Ice Magic
 + Level 2.9 Air Magic
 + Level 2.9 Earth Magic
 + Level 2.9 Poison Magic
 + Level 3.9 Invocations
 + Level 3.5 Evocations


You had 10 spell levels left.
You knew the following spells:

 Your Spells              Type           Power        Failure   Level
a - Beastly Appendage     Tmut           ###...       21%         1
A - Blade Hands           Tmut           ###.......   85%         5

Your spell library contained the following spells:

 Spells                   Type           Power        Failure   Level
 Wereblood                Tmut           ###.....     24%         2
 Spider Form              Tmut/Pois      ###.......   43%         3
 Ice Form                 Ice/Tmut       ###.....     69%         4


Dungeon Overview and Level Annotations

Branches:
Dungeon (1/1)

Altars:
Cheibriados
Dithmenos
Fedhas
Gozag
Kikubaaqudgha
Makhleb
Okawaru
Qazlal
Ru
Sif Muna
Trog
Uskayaw
Vehumet
Wu Jian
Xom
Yredelemnul
Zin
The Shining One
Beogh
Jiyva
Lugonu

Shops:
D *[[??*?*:[((!!!!


Innate Abilities, Weirdness & Mutations

Your experience applies equally to all skills.
You have very sharp teeth.
Your uncanny sense of smell can sniff out nearby items.


Message History

The blink frog hits you!!
* * * LOW HITPOINT WARNING * * *
A bullfrog comes into view.
The blink frog barely misses you.
The bullfrog croaks.
The cane toad croaks.
You slash the blink frog! You bite the blink frog.
The blink frog is heavily wounded.
The blink frog hits you.
* * * LOW HITPOINT WARNING * * *
Unknown command.
You completely miss the blink frog.
The blink frog is heavily wounded.
The blink frog closely misses you.
You hit the blink frog.
The blink frog is heavily wounded.
The blink frog barely misses you.
The blink frog blinks!
Unknown command.
The cane toad closely misses you. The bullfrog hits you.
You die...
Your body crumbles into a pile of gold.

######.8.........8.#####
##.__.......###......__.∩
###∩........8.# #.8........
##.............###..........
#⌠...∩..F...###...###.......
#⌠.......)..# #.<.# #.......
#⌠...)......###...###.......
##........FF§..###..........
###∩......@.8.# #.8........
##∩___..[.$.###......__.∩
######.8.........8.#####
#⌠....[......⌠#
###.........### #_......._#
#_......._# #_......._#
#∩.......∩#


You could see a cane toad, a blink frog and a bullfrog.

Vanquished Creatures
  A bullfrog (D)
  A scorpion (D)
  An orc priest (D)
  3 worms (D)
  3 orcs (D)
  2 giant cockroaches (D)
11 creatures vanquished.

Notes
Turn   | Place    | Note
-------+----------+-------------------------------------------
     0 | D        | sahdkjhfkaj the Gnoll Transmuter began the quest for the
                  | Orb.
     0 | D        | Reached XP level 1. HP: 17/17 MP: 6/6
     1 | D        | Found a blossoming altar of Fedhas.
     1 | D        | Found a viscous altar of Jiyva.
     2 | D        | Found a burning altar of Makhleb.
     2 | D        | Found an opulent altar of Gozag.
     3 | D        | Found an ornate altar of the Wu Jian Council.
     3 | D        | Found a shadowy altar of Dithmenos.
     4 | D        | Found a glowing golden altar of the Shining One.
     4 | D        | Found a hide-covered altar of Uskayaw.
     4 | D        | Found Icatits's Weapon Rack.
     4 | D        | Found Fiofry's Premium Goods.
     5 | D        | Found Owixt's Basic Armour.
     5 | D        | Found Tinetwong's Miscellaneous Merchandise.
     5 | D        | Round 1.
    10 | D        | Became a worshipper of Gozag Ym Sagoz the Greedy
    36 | D        | Found a stormy altar of Qazlal.
    38 | D        | Found a snail-covered altar of Cheibriados.
    42 | D        | Found a shimmering blue altar of Sif Muna.
    42 | D        | Noticed an orc priest
    43 | D        | Found Quzxin's Identification Station.
    44 | D        | Found Qootefoa's Advanced Armour.
    44 | D        | Found Alousk's Jewellery.
    45 | D        | Found an ancient bone altar of Kikubaaqudgha.
    45 | D        | Found a radiant altar of Vehumet.
    54 | D        | Killed an orc priest
    55 | D        | Reached skill level 1 in Short Blades
    55 | D        | Reached skill level 1 in Long Blades
    55 | D        | Reached skill level 1 in Axes
    55 | D        | Reached skill level 1 in Maces & Flails
    55 | D        | Reached skill level 1 in Polearms
    55 | D        | Reached skill level 1 in Staves
    55 | D        | Reached skill level 1 in Slings
    55 | D        | Reached skill level 1 in Bows
    55 | D        | Reached skill level 1 in Crossbows
    55 | D        | Reached skill level 1 in Throwing
    55 | D        | Reached skill level 1 in Armour
    55 | D        | Reached skill level 1 in Stealth
    55 | D        | Reached skill level 1 in Shields
    55 | D        | Reached skill level 5 in Spellcasting
    55 | D        | Reached skill level 1 in Conjurations
    55 | D        | Reached skill level 1 in Hexes
    55 | D        | Reached skill level 1 in Summonings
    55 | D        | Reached skill level 1 in Necromancy
    55 | D        | Reached skill level 1 in Translocations
    55 | D        | Reached skill level 1 in Fire Magic
    55 | D        | Reached skill level 1 in Ice Magic
    55 | D        | Reached skill level 1 in Air Magic
    55 | D        | Reached skill level 1 in Earth Magic
    55 | D        | Reached skill level 1 in Poison Magic
    55 | D        | Reached skill level 1 in Evocations
    55 | D        | Reached XP level 2. HP: 15/24 MP: 6/8
    55 | D        | Reached XP level 3. HP: 18/29 MP: 6/9
    80 | D        | Reached skill level 5 in Dodging
   101 | D        | Found a bloodstained altar of Trog.
   151 | D        | Arena points: 5 (+5) [x1]
   166 | D        | Round 2.
   263 | D        | Found a glowing silver altar of Zin.
   288 | D        | Noticed a scorpion
   294 | D        | Killed a scorpion
   294 | D        | Arena points: 33 (+28) [x2]
   295 | D        | Reached skill level 7 in Unarmed Combat
   295 | D        | Reached XP level 4. HP: 13/37 MP: 8/11
   308 | D        | Found a basalt altar of Yredelemnul.
   309 | D        | Found Toomown's Magic Scroll Shop.
   310 | D        | Found a sacrificial altar of Ru.
   310 | D        | Found a shimmering altar of Xom.
   310 | D        | Found a corrupted altar of Lugonu.
   310 | D        | Found Etsit's Staff Store.
   311 | D        | Found Fekuisoi's Magic Scroll Shop.
   311 | D        | Found Ban Ibei's Must-Have Magic.
   315 | D        | Found a roughly hewn altar of Beogh.
   324 | D        | Found an iron altar of Okawaru.
   325 | D        | Found Vouxygeg's Distillery.
   327 | D        | Found Vugguqidgh's Distillery.
   327 | D        | Found Viumn's Bottled Wisdom.
   327 | D        | Found Bamig's Do-It-Yourself Clinic.
   368 | D        | Round 3.
   383 | D        | Noticed a bullfrog
   452 | D        | Killed a bullfrog
   453 | D        | Reached XP level 5. HP: 20/43 MP: 10/13
   459 | D        | Learned a level 5 spell: Blade Hands
   461 | D        | Noticed a blink frog
   463 | D        | Noticed a cane toad
   465 | D        | HP: 1/43 [blink frog (2)]
   468 | D        | Slain by a bullfrog

Illustrated notes

Levels and vault maps discovered:
D:        arena_sprint

Skill      XL: |  1  2  3  4 |
---------------+-------------+-----
Fighting       | 3 4 |  4.4
Short Blades   | 1 2 3 |  3.5
Long Blades    | 1 2 3 |  3.5
Axes           | 1 2 3 |  3.5
Maces & Flails | 1 2 3 |  3.5
Polearms       | 1 2 3 |  3.5
Staves         | 1 2 3 |  3.5
Slings         | 1 2 3 |  3.5
Bows           | 1 2 3 |  3.5
Crossbows      | 1 2 3 |  3.5
Throwing       | 1 2 3 |  3.5
Armour         | 1 2 3 |  3.5
Stealth        | 1 2 3 |  3.5
Shields        | 1 2 3 |  3.5
Spellcasting   | 5 6 |  6.2
Conjurations   | 1 2 |  2.9
Hexes          | 1 2 |  2.9
Summonings     | 1 2 |  2.9
Necromancy     | 1 2 |  2.9
Translocations | 1 2 |  2.9
Transmutations | 4 |  4.8
Fire Magic     | 1 2 |  2.9
Ice Magic      | 1 2 |  2.9
Air Magic      | 1 2 |  2.9
Earth Magic    | 1 2 |  2.9
Poison Magic   | 1 2 |  2.9
Invocations    | 2 3 |  3.9
Evocations     | 1 2 3 |  3.5
Dodging        | 5 |  5.9
Unarmed Combat | 7 |  7.5

Action                   |  1- 3 |  4- 6 || total
-------------------------+-------+-------++-------
Melee: Unarmed           |    30 |     7 ||    37
       Kick              |    13 |     1 ||    14
       Headbutt          |     5 |       ||     5
       Bite              |     5 |     1 ||     6
 Cast: Beastly Appendage |     7 |     2 ||     9
       Blade Hands       |       |     1 ||     1
Invok: Call Merchant     |       |     1 ||     1
Evoke: Wand              |     1 |       ||     1
Armor: Robe              |     1 |       ||     1
Dodge: Dodged            |    19 |     5 ||    24

Table legend: (Time is in decaauts)
 A = Elapsed time spent in this place.
 B = Non-inter-level travel time spent in this place.
 C = Inter-level travel time spent in this place.
 D = Time resting spent in this place.
 E = Time spent auto-exploring this place.
 F = Levels seen in this place.
 G = Mean time per level.
                   A        B        C        D        E       F      G
               +--------+--------+--------+--------+--------+-----+--------+
         Total |    462 |    462 |      0 |    263 |      2 |   1 |  462.0 |
       Dungeon |    462 |    462 |      0 |    263 |      2 |   1 |  462.0 |
               +--------+--------+--------+--------+--------+-----+--------+

Top non-repeatable levels by time:
       D: 462 daAuts
